 Dungeon Crawl Stone Soup version 0.30-a0-878-gc727b3d3d6 (webtiles) character file.

Game seed: 16309942559730187752

392 112233 the Sneak (level 6, -10/36 HPs)
             Began as an Octopode Fire Elementalist on Mar 12, 2023.
             Was an Initiate of Gozag.
             Shot with an arrow by a centaur (14 damage)
             ... on level 5 of the Dungeon.
             The game lasted 00:06:55 (5377 turns).

112233 the Sneak (Octopode Fire Elementalist)       Turns: 5377, Time: 00:06:56

Health: -10/36     AC:  1    Str:  7    XL:     6   Next: 80%
Magic:  7/11       EV: 14    Int: 25    God:    Gozag
Gold:   274        SH:  0    Dex: 13    Spells: 5/11 levels left

rFire   . . .      SeeInvis +    u - +2 short sword (venom)
rCold   . . .      Faith    .    (no shield)
rNeg    . . .      Spirit   .    (helmet restricted)
rPois   .          Reflect  .    (no amulet)
rElec   .          Rampage  .    i - +6 ring of intelligence
rCorr   .                        m - ring of see invisible
Will    .....                    (no ring)
Stlth   ++++                     (no ring)
HPRegen 0.26/turn                (no ring)
MPRegen 0.12/turn                (no ring)
                                 (no ring)
                                 (no ring)

@: no status effects
A: almost no armour, amphibious, 8 rings, camouflage 1, gelatinous body 1,
(nimble swimmer 1), tentacles
a: Renounce Religion, Potion Petition, Call Merchant, Bribe Branch


You were on level 5 of the Dungeon.
You worshipped Gozag.
Gozag was aware of your devotion.
You visited 1 branch of the dungeon, and saw 5 of its levels.

You collected 458 gold pieces.
You spent 117 gold pieces at shops.
You paid 67 gold pieces to Gozag.

Inventory:

Hand Weapons
 h - a +0 trident of freezing
 u - a +2 short sword of venom (weapon)
Missiles
 n - 2 throwing nets
Armour
 l - a +0 buckler
Jewellery
 i - a +6 ring of intelligence (left tentacle)
 m - a ring of see invisible (right tentacle)
Scrolls
 b - a scroll of magic mapping {unknown}
 c - 6 scrolls of teleportation
 e - a scroll of fear {unknown}
 g - a scroll of blinking
 o - 2 scrolls of immolation
 p - a scroll of noise {unknown}
 q - a scroll of brand weapon {unknown}
 s - a scroll of poison {unknown}
 t - a scroll of vulnerability {unknown}
 v - a scroll of butterflies
Potions
 a - 3 potions of magic
 d - 2 potions of curing
 f - 2 potions of mutation
 j - 2 potions of brilliance {unknown}
 k - a potion of heal wounds {unknown}
 r - 2 potions of might {unknown}
 w - a potion of invisibility {unknown}
 x - a potion of resistance {unknown}


   Skills:
 + Level 3.5 Dodging
 + Level 5.0 Stealth
 + Level 3.3 Spellcasting
 + Level 3.0 Conjurations
 + Level 4.2 Fire Magic


You had 5 spell levels left.
You knew the following spells:

 Your Spells              Type           Power      Damage    Failure   Level
a - Foxfire               Conj/Fire      88%        2x1d8     2%          1
b - Scorch                Fire           50%        2d8       2%          2
c - Kindle Blastsparks    Fire/Tloc/Air  22%        2d11      17%         3

Your spell library contained the following spells:

 Spells                   Type           Power      Damage    Failure   Level
 Static Discharge         Conj/Air       22%        2-3/arc   8%          2
 Apportation              Tloc           8%         N/A       10%         1
 Inner Flame              Hex/Fire       14%        N/A       12%         3
 Cigotuvi's Dreadful Rot  Necr/Pois/Air  8%         N/A       14%         2
 Flame Wave               Conj/Fire      22%        2d8       22%         4
 Portal Projectile        Hex/Tloc       8%         N/A       28%         3
 Tukima's Dance           Hex            4%         N/A       28%         3
 Vhi's Electric Charge    Tloc/Air       8%         N/A       28%         3
 Dispel Undead            Necr           4%         3d7       67%         4
 Arcjolt                  Conj/Air       5%         1d15      82%         5
 Lightning Bolt           Conj/Air       5%         1d17      82%         5
 Alistair's Intoxication  Tmut/Pois      2%         N/A       95%         5
 Blade Hands              Tmut           2%         N/A       95%         5
 Death Channel            Necr           2%         N/A       100%        6


Dungeon Overview and Level Annotations

Branches:
Dungeon (5/15)             Temple (0/1) D:5

Altars:
Gozag
Qazlal
Uskayaw
Xom

Shops:
D:1 (   D:4 ?*(

Annotations:
D:4 Edmund


Innate Abilities, Weirdness & Mutations

You cannot wear most types of armour.
You are amphibious.
You can wear up to eight rings at the same time.
Your skin changes colour to match your surroundings (Stealth+).
Your rubbery body absorbs attacks. (AC +1, EV +1)
((You are camouflaged when in or above water. (Stealth+)))
You have tentacles for arms and can constrict up to eight enemies at once.


Message History

Found 3 stones.
You now have 274 gold pieces (gained 9).
a - 3 potions of magic (gained 1)
Found a short sword.
Found a staircase to the Ecumenical Temple.
You see here a +0 short sword.
Found a dagger.
Found a stone staircase leading down.
You open the door.
There is an open door here.
As you open the door, it creaks loudly!
A centaur comes into view.
The centaur shouts!
A jelly comes into view.
There are monsters nearby!
There are monsters nearby!
There are monsters nearby!
You close the door.
A centaur opens the door.
Casting: Foxfire (safe; 2% risk of failure)
Confirm with . or Enter, or press ? or * to list all spells.
Flames lash the centaur.
The centaur is moderately wounded.
The centaur's fire resistance burns away.
The centaur wields a +0 shortbow.
The centaur shoots an arrow.
The arrow barely misses you.
You hear a bark!
The centaur shoots an arrow.
The arrow hits you.
The centaur shoots an arrow.
The arrow hits you!
Unknown command.
Casting: Scorch (safe; 2% risk of failure)
Confirm with . or Enter, or press ? or * to list all spells.
Flames lash the centaur.
The centaur is burned terribly!
The centaur is heavily wounded.
A hound comes into view.
The centaur shoots an arrow.
The arrow closely misses you.
The centaur shoots an arrow.
The arrow hits you!
* * * LOW HITPOINT WARNING * * *
The centaur shoots an arrow.
The arrow hits you!
You die...
Your body crumbles into a pile of gold.

#....##......####+##
#....##8.>.8#####..#
#>..............#...
#......#.8.#....#...
#....##.........#...
##'####.......).#...
#....####...##.##..#
#....# ##...##.##..#
#..@.# #.....#......
##'### #..)..#......
.... ##...#####+##
.^h.c.. ##### $
..........
##.###..... #..
#.....+ .. #..#..#


You could see a centaur (combustible) and a hound.

Vanquished Creatures
  A black bear (D:4)
  An ice beast (D:3)
  An orc wizard (D:5)
  A scorpion zombie (D:4)
  3 gnolls
  2 adders
  A white imp (D:4)
  4 worms
  4 dart slugs
  10 orcs
  3 ball pythons
  5 bats
  4 endoplasms
  2 giant cockroaches
  4 goblins
  7 hobgoblins
  6 jackals
  3 kobolds
  3 quokkas
  4 frilled lizards
  4 rats
73 creatures vanquished.

Vanquished Creatures (collateral kills)
  4 foxfires (D:2)
4 creatures vanquished.

Vanquished Creatures (others)
  298 foxfires
  4 toadstools (D:2)
302 creatures vanquished.

Grand Total: 379 creatures vanquished

Notes
Turn   | Place    | Note
-------+----------+-------------------------------------------
     0 | D:1      | 112233 the Octopode Fire Elementalist began the quest for
                  | the Orb.
     0 | D:1      | Reached XP level 1. HP: 11/11 MP: 3/3
   228 | D:1      | Found Wuoniank's Weapon Shop.
   355 | D:1      | Reached XP level 2. HP: 16/17 MP: 1/5
   472 | D:2      | Reached skill level 3 in Stealth
   847 | D:2      | Reached XP level 3. HP: 21/21 MP: 1/6
  1456 | D:2      | Learned a level 2 spell: Scorch
  1959 | D:1      | Reached XP level 4. HP: 27/27 MP: 4/7
  2476 | D:3      | You fall into a shaft and drop 1 floor!
  2576 | D:3      | Found a hide-covered altar of Uskayaw.
  2842 | D:3      | Learned a level 3 spell: Kindle Blastsparks
  2949 | D:3      | Found an opulent altar of Gozag.
  2960 | D:3      | Became a worshipper of Gozag Ym Sagoz the Greedy
  3135 | D:3      | Found a shimmering altar of Xom.
  3467 | D:3      | Noticed an ice beast
  3472 | D:3      | Killed an ice beast
  3473 | D:3      | Reached skill level 4 in Stealth
  3473 | D:3      | Reached XP level 5. HP: 22/31 MP: 1/9
  4259 | D:4      | Found Ruitoh's Magic Scroll Shoppe.
  4275 | D:4      | Bought a scroll of teleportation for 39 gold pieces
  4275 | D:4      | Bought a scroll of identify for 26 gold pieces
  4275 | D:4      | Bought a scroll of butterflies for 52 gold pieces
  4298 | D:4      | Found Jejet's General Store.
  4368 | D:3      | Reached XP level 6. HP: 18/36 MP: 0/10
  4597 | D:4      | Noticed a black bear
  4604 | D:4      | Killed a black bear
  4927 | D:4      | Found a stormy altar of Qazlal.
  4971 | D:4      | Reached skill level 5 in Stealth
  5087 | D:4      | Found Jeppuaf's Weapon Boutique.
  5165 | D:4      | Noticed Edmund
  5212 | D:5      | Entered Level 5 of the Dungeon
  5350 | D:5      | Found a staircase to the Ecumenical Temple.
  5377 | D:5      | Shot with an arrow by a centaur

Illustrated notes

Levels and vault maps discovered:
D:1:      psy_arrival_dodecagon, layout_basic, serial_shops, shop
D:2:      layout_rooms, minmay_gold_behind_fungi
D:3:      layout_loops_corners, mainiacjoe_overflow_surrounded_room,
          nicolae_gozag_seed_capital, mainiacjoe_overflow_paths,
          minmay_quantized
D:4:      layout_layer_cave, grunt_qazlal_clouds,
          lemuel_mausoleum_altar_yredelemnul, serial_shops,
          kennysheep_mini_moat, nicolae_shop_stone, nicolae_shop_statue_plus,
          nicolae_shop_hallway_stairs, uniq_edmund
D:5:      layout_gridville, overflow_temple_1_default, bloody_makhleb,
          minmay_temple_entry_statues_pillars, serial_shops,
          nicolae_shop_hallway_stairs, eino_small_chamber_without_monster,
          minmay_misc_feat_enclosed, minivault_11, serial_bayou_lake_a

Skill      XL: |  1  2  3  4  5  6 |
---------------+-------------------+-----
Stealth        | 3 4 5 |  5.0
Conjurations   | 2 3 |  3.0
Dodging        | 3 |  3.5
Spellcasting   | 3 |  3.3
Fire Magic     | 4 |  4.2

Action                     |  1- 3 |  4- 6 || total
---------------------------+-------+-------++-------
  Melee: Trident           |    10 |     1 ||    11
         Constrict         |     3 |     1 ||     4
         Tentacles         |     2 |     1 ||     3
         Short sword       |       |     4 ||     4
   Cast: Foxfire           |    79 |    94 ||   173
         Scorch            |     1 |    22 ||    23
    Use: Potion            |     1 |       ||     1
         Scroll            |       |     3 ||     3
 Armour: Skin              |     1 |     3 ||     4
  Dodge: Dodged            |    12 |    26 ||    38

Table legend: (Time is in decaauts)
 A = Elapsed time spent in this place.
 B = Non-inter-level travel time spent in this place.
 C = Inter-level travel time spent in this place.
 D = Time resting spent in this place.
 E = Time spent auto-exploring this place.
 F = Levels seen in this place.
 G = Mean time per level.
                   A        B        C        D        E       F      G
               +--------+--------+--------+--------+--------+-----+--------+
         Total |   5382 |   5066 |    316 |    911 |   3458 |   5 | 1076.4 |
       Dungeon |   5382 |   5066 |    316 |    911 |   3458 |   5 | 1076.4 |
               +--------+--------+--------+--------+--------+-----+--------+

Top non-repeatable levels by time:
     D:3: 1475 daAuts
     D:1: 1465 daAuts
     D:4: 1248 daAuts
     D:2: 1027 daAuts
     D:5: 164 daAuts
